 Dungeon Crawl Stone Soup version 0.24.0-123-gd5b16e6ec5 (webtiles) character file.

Game seed: 13501969284482171356, levelgen mode: deterministic

611 Bluestream the Magician (level 7, 0/36 HPs)
             Began as a Deep Elf Fire Elementalist on Feb 3, 2020.
             Slain by Pikel
             ... wielding a +2 whip of flaming
              (1 damage)
             ... on level 6 of the Dungeon.
             The game lasted 00:14:05 (4363 turns).

Bluestream the Magician (DEFE)                      Turns: 4363, Time: 00:14:06

Health: 0/36       AC:  4    Str:  5    XL:     7   Next: 20%
Magic:  4/20       EV: 13    Int: 22    God:
Gold:   174        SH:  0    Dex: 15    Spells: 15/21 levels left

rFire    . . .     SeeInvis .   (no weapon)
rCold    . . .     Gourm    .   (no shield)
rNeg     . . .     Faith    .   a - +0 robe
rPois    .         Spirit   .   (no helmet)
rElec    .         Reflect  .   l - +0 cloak (curse)
rCorr    .         Harm     .   b - +0 pair of gloves
MR       .....                  (no boots)
Stlth    ++........             (no amulet)
HPRegen  0.12/turn              (no ring)
MPRegen  0.17/turn              (no ring)

@: no status effects
A: no striking features
a: no special abilities


You were on level 6 of the Dungeon.
You were not hungry.

You visited 1 branch of the dungeon, and saw 5 of its levels.
You also visited: Ossuary.

You collected 174 gold pieces.

Inventory:

Armour
 a - a +0 robe (worn)
 b - a +0 pair of gloves (worn)
 l - a cursed +0 cloak (worn)
Jewellery
 m - an uncursed ring of positive energy {unknown}
Scrolls
 e - 3 scrolls of remove curse {unknown}
 f - 3 scrolls of teleportation {unknown}
 g - 3 scrolls of immolation {unknown}
 h - 5 scrolls of noise {unknown}
 i - 2 scrolls of blinking {unknown}
 j - 2 scrolls of enchant weapon {unknown}
 k - a scroll of magic mapping {unknown}
 p - 3 scrolls of random uselessness {unknown}
 s - a scroll of amnesia {unknown}
 t - a scroll of identify {unknown}
Potions
 d - a potion of heal wounds {unknown}
 n - 2 potions of flight {unknown}
 o - 2 potions of agility {unknown}
 q - 10 potions of degeneration {unknown}
 r - 4 potions of mutation {unknown}
Comestibles
 c - 3 rations


   Skills:
 - Level 2.4 Dodging
 - Level 2.4 Stealth
 + Level 7.7 Spellcasting
 - Level 1.1 Conjurations
 + Level 6.9 Fire Magic


You had 15 spell levels left.
You knew the following spells:

 Your Spells              Type           Power        Failure   Level  Hunger
a - Flame Tongue          Conj/Fire      ####.        1%          1    None
b - Throw Flame           Conj/Fire      ####..       2%          2    None
c - Conjure Flame         Conj/Fire      ####....     4%          3    None

Your spell library contained the following spells:

 Spells                   Type           Power        Failure   Level  Hunger
 Inner Flame              Hex/Fire       ###.....     5%          3    None
 Sticky Flame             Conj/Fire      ####....     14%         4    ###....
 Fireball                 Conj/Fire      ####......   38%         5    #####..


Dungeon Overview and Level Annotations

Branches:
Dungeon (6/15)            Ossuary (visited)
 Temple: D:4-7

Altars:
Trog
Wu Jian

Annotations:
D:3 1 runed translucent door, Crazy Yiuf
D:6 Pikel


Message History

Aiming: Flame Tongue (safe; 1% risk of failure)
Press: ? - help, Shift-Dir - straight line, f/p - Pikel
Aim: Pikel, wielding a +2 whip of flaming and wearing a +0 robe (severely wounded)
The flame tongue hits Pikel.
Pikel is severely wounded.
Pikel hits you with a +2 whip of flaming.
* * * LOW HITPOINT WARNING * * *
Pikel burns you.
* * * LOW HITPOINT WARNING * * *
Casting: Flame Tongue (safe; 1% risk of failure)
Confirm with . or Enter, or press ? or * to list all spells.
Aiming: Flame Tongue (safe; 1% risk of failure)
Press: ? - help, Shift-Dir - straight line, f/p - Pikel
Aim: Pikel, wielding a +2 whip of flaming and wearing a +0 robe (severely wounded)
The flame tongue hits Pikel.
Pikel is almost dead.
Pikel hits you with a +2 whip of flaming.
* * * LOW HITPOINT WARNING * * *
Pikel burns you.
You die...

#.....#+### #.....#.#
#.....#.# #.....#.#
#.....#.#
#....[#.####
#......>....
###########..........
#..K@.........[......
#.#####..............
#.# #...............
#.# #.......#.#.####
#.# #......##.#.# #.#
#......##.#.# #.#
#......+..#.#
##.#####.....####
#...[.[..........


You could see Pikel.

Vanquished Creatures
  An ogre (D:5)
  A phantom (D:5)
  4 wights (D:6)
  A centaur zombie (Ossuary)
  An orc wizard (D:6)
  An orc priest (D:5)
  A worker ant (D:2)
  A big kobold zombie (Ossuary)
  4 mummies (Ossuary)
  4 adders
  2 dart slugs (D:1)
  3 orcs (D:6)
  4 bats
  2 giant cockroaches (D:2)
  A gnoll zombie (Ossuary)
  6 goblins
  9 hobgoblins
  A jackal (D:2)
  2 quokkas (D:2)
  A ball python (D:1)
  3 frilled lizards
  A goblin zombie (Ossuary)
  2 hobgoblin zombies (Ossuary)
  9 kobolds
  A kobold zombie (Ossuary)
  An orc zombie (Ossuary)
  7 rats
74 creatures vanquished.

Notes
Turn   | Place    | Note
-------+----------+-------------------------------------------
     0 | D:1      | Bluestream the Deep Elf Fire Elementalist began the quest
                  | for the Orb.
     0 | D:1      | Reached XP level 1. HP: 10/10 MP: 6/6
   243 | D:1      | Reached XP level 2. HP: 15/15 MP: 5/8
   840 | D:2      | Reached XP level 3. HP: 16/19 MP: 8/10
   865 | D:2      | Learned a level 2 spell: Throw Flame
   869 | D:2      | Learned a level 3 spell: Conjure Flame
  1280 | D:2      | Reached skill level 4 in Spellcasting
  1343 | D:2      | Reached XP level 4. HP: 24/24 MP: 8/12
  1765 | D:2      | Found a bloodstained altar of Trog.
  1832 | D:2      | Found an ornate altar of the Wu Jian Council.
  2279 | D:3      | Reached skill level 5 in Fire Magic
  2422 | D:3      | Found a runed translucent door.
  2423 | D:3      | Noticed Crazy Yiuf
  2525 | D:3      | You fall into a shaft and drop 3 floors!
  2531 | D:6      | Found a sand-covered staircase.
  2540 | Ossuary  | Entered an ossuary
  2707 | Ossuary  | Reached skill level 5 in Spellcasting
  2707 | Ossuary  | Reached XP level 5. HP: 22/28 MP: 1/14
  3114 | D:6      | Reached skill level 6 in Spellcasting
  3187 | D:6      | Reached XP level 6. HP: 32/32 MP: 7/17
  3462 | D:5      | Entered Level 5 of the Dungeon
  3967 | D:5      | Reached skill level 7 in Spellcasting
  4083 | D:5      | Reached XP level 7. HP: 35/36 MP: 8/19
  4283 | D:5      | Noticed Pikel
  4363 | D:6      | HP: 1/36 [Pikel/+2 whip of flaming (2)]
  4363 | D:6      | Slain by Pikel

Levels and vault maps discovered:
D:1:      co_arrival_random_square_maze, layout_rooms
D:2:      layout_loops_corners, lemuel_coloured_pillars_altar,
          marbit_many_paths, grunt_ministairs_11
D:3:      layout_loops_corners, first_ration, chequers_serial_rivers_small_3,
          minmay_misc_feat_more_columns, uniq_purgy, uniq_crazy_yiuf_cottage
D:5:      layout_basic, serial_shops, shop, uniq_pikel, uniq_ijyb, uniq_menkaure
D:6:      layout_basic, enter_ossuary_1

Skill      XL: |  1  2  3  4  5  6 |
---------------+-------------------+-----
Fire Magic     | 4 5 6 |  6.9
Spellcasting   | 4 5 6 7 |  7.7
Dodging        | |  2.4
Stealth        | |  2.4
Conjurations   | |  1.1

Action                   |  1- 3 |  4- 6 |  7- 9 || total
-------------------------+-------+-------+-------++-------
Melee: Unarmed           |       |     1 |       ||     1
 Cast: Flame Tongue      |    57 |    83 |    11 ||   151
       Throw Flame       |     1 |    36 |    18 ||    55
       Conjure Flame     |       |     4 |       ||     4
  Eat: Chunk             |     1 |     4 |       ||     5
       Ration            |       |     1 |     1 ||     2
Armor: Robe              |     1 |     6 |     2 ||     9
Dodge: Dodged            |     9 |    32 |    11 ||    52
